 Dungeon Crawl Stone Soup version 0.29-a0-234-g0dae59b3db (webtiles) character file.

Game seed: 7840713718622641952

156 jfcaron the Skirmisher (level 5, -3/42 HPs)
             Began as a Demonspawn Fighter on Mar 2, 2022.
             Was an Initiate of Qazlal.
             Slain by an iguana (8 damage)
             ... on level 4 of the Dungeon.
             The game lasted 00:06:37 (3429 turns).

jfcaron the Skirmisher (Demonspawn Fighter)         Turns: 3429, Time: 00:06:37

Health: -3/42      AC: 11    Str: 18    XL:     5   Next: 15%
Magic:  5/5        EV:  6    Int: 10    God:    Qazlal [......]
Gold:   98         SH:  4    Dex: 12    Spells: 4/4 levels left

rFire   . . .      SeeInvis .   a - +0 war axe
rCold   . . .      Faith    .   c - +0 buckler
rNeg    . . .      Spirit   .   r - +0 chain mail
rPois   .          Reflect  .   (helmet restricted)
rElec   .          Harm     .   (no cloak)
rCorr   .          Rampage  .   (no gloves)
Will    .....                   (no boots)
Stlth   ..........              (no amulet)
HPRegen 0.14/turn               (no ring)
MPRegen 0.18/turn               (no ring)

@: no status effects
A: horns 1, icy blue scales 1, powered by death 1, magic regeneration
a: Renounce Religion


You were on level 4 of the Dungeon.
You worshipped Qazlal.
Qazlal was noncommittal.
You visited 1 branch of the dungeon, and saw 4 of its levels.

You collected 98 gold pieces.

Inventory:

Hand Weapons
 a - a +0 war axe (weapon)
Missiles
 f - 3 boomerangs
 i - 36 stones
Armour
 c - a +0 buckler (worn)
 r - a +0 chain mail (worn)
Scrolls
 b - a scroll of brand weapon {unknown}
 k - 3 scrolls of enchant armour
 l - 3 scrolls of teleportation
 n - a scroll of vulnerability {unknown}
 q - a scroll of summoning {unknown}
 s - a scroll of amnesia {unknown}
 t - a scroll of silence {unknown}
Potions
 d - a potion of might
 e - a potion of mutation
 g - a potion of brilliance
 j - 2 potions of cancellation
 m - a potion of berserk rage
 o - a potion of magic
 p - a potion of ambrosia {unknown}


   Skills:
 + Level 3.8 Fighting
 + Level 2.9 Axes
 + Level 3.5 Armour
 + Level 3.5 Shields
 + Level 0.2 Invocations


You had 4 spell levels left.
You didn't know any spells.
Your spell library was empty.

Dungeon Overview and Level Annotations

Branches:
Dungeon (4/15)
 Temple: D:4-7

Altars:
Qazlal

Annotations:
D:4 Dowan, Duvessa


Innate Abilities, Weirdness & Mutations

You have a pair of small horns on your head.
You are partially covered in icy blue scales. (AC +2)
You regenerate a little health from kills.
You regenerate magic rapidly.


Message History

You hit the orc.
You kill the orc!
Qazlal accepts your kill. Duvessa barely misses you.
Duvessa says, "Practise, practise, practise!
One day you'll be as good as me."
Dowan whispers, "It won't be long now."
There is a stone staircase leading up here.
Duvessa barely misses you.
Duvessa hits you with a +8 short sword of speed!
You climb upwards.
There is a stone staircase leading down here.
You start resting.
HP restored.
You see here a +0 dagger.
There is a stone staircase leading down here.
You climb downwards.
Level annotation: Dowan, Duvessa The orc shouts!
The ufetubus shouts!
The iguana hisses angrily.
The ogre shouts!
You hear a shout!
An orc priest comes into view. It is wielding a +0 club.
An orc comes into view. It is wielding a +0 dagger of venom.
Found a kite shield and a leather armour.
There is a stone staircase leading up here.
Throw: dart (poison)
Press: ? - help, Shift-Dir - straight line, f - ogre
Aim: an ogre, wielding a +0 giant club (73% to hit)
You throw a poisoned dart. The poisoned dart hits the ogre.
The ogre is poisoned.
The orc priest shouts!
The orc shouts!
An orc comes into view. It is wielding a +0 short sword.
You hit the ufetubus but do no damage. You block the ufetubus's attack.
The ufetubus hits you but does no damage. x3
The ogre hits you with a +0 giant club!!
Ouch! That really hurt!
The ufetubus barely misses you. You block the ufetubus's attack.
The orc priest invokes the aid of Beogh against you.
Beogh smites you!
* * * LOW HITPOINT WARNING * * *
The iguana bites you!
You die...

###.... ......#
......# .
...[... ...
####.......
.[..#..........
...............
#.....5@...#
#.#...lO.......
##..oo...###.
.....(...#
...o.......#
....oo.....#
#.........##
##........#


You could see an ogre (poisoned), an iguana, 2 orc priests, 3 orcs and an
ufetubus.

Vanquished Creatures
  Robin (D:1)
  4 gnolls (D:2)
  3 adders (D:2)
  3 orcs
  5 ball pythons
  4 bats
  10 endoplasms
  6 giant cockroaches
  12 goblins
  7 hobgoblins
  6 kobolds
  A quokka (D:1)
  5 frilled lizards
  7 rats
  A bush (D:3)
  7 fungi (D:3)
  7 plants (D:3)
89 creatures vanquished.

Notes
Turn   | Place    | Note
-------+----------+-------------------------------------------
     0 | D:1      | jfcaron the Demonspawn Fighter began the quest for the Orb.
     0 | D:1      | Reached XP level 1. HP: 18/18 MP: 1/1
   156 | D:1      | Gained mutation: You regenerate a little health from kills.
                  | [demonic ancestry]
   156 | D:1      | Reached XP level 2. HP: 14/24 MP: 2/2
   633 | D:1      | Gained mutation: You regenerate magic rapidly. [demonic
                  | ancestry]
   633 | D:1      | Reached XP level 3. HP: 29/29 MP: 3/3
   965 | D:2      | Noticed Robin
  1038 | D:1      | Killed Robin
  1155 | D:2      | Gained mutation: You are partially covered in icy blue
                  | scales. (AC +2) [demonic ancestry]
  1155 | D:2      | Reached XP level 4. HP: 35/35 MP: 4/4
  1715 | D:2      | Found a stormy altar of Qazlal.
  1724 | D:2      | Became a worshipper of Qazlal Stormbringer
  1812 | D:2      | Gained mutation: You have a pair of small horns on your
                  | head. [demonic ancestry]
  1812 | D:2      | Reached XP level 5. HP: 42/42 MP: 5/5
  2740 | D:3      | Found a faded altar of an unknown god.
  3086 | D:4      | Noticed Duvessa
  3091 | D:4      | Noticed Dowan
  3426 | D:4      | Noticed an ogre
  3429 | D:4      | HP: 5/42 [orc priest/divine providence (12)]
  3429 | D:4      | Slain by an iguana

Illustrated notes

Levels and vault maps discovered:
D:1:      sevenhm_arrival_forest_fort_large_4, layout_loops_cross
D:2:      layout_basic, basic_altar, minmay_misc_feat_roman, uniq_robin
D:3:      layout_loops_ring, serial_forest, infiniplex_forest_corner_2,
          infiniplex_forest_clump_long, infiniplex_forest_lined_3,
          infiniplex_forest_lined_3, infiniplex_forest_end_3,
          shapermc_ecumenical_altar_mp_urbaneastern
D:4:      layout_cave_pools, chequers_serial_rivers_large_b, item_on_display_a,
          uniq_pikel, uniq_duvessa, uniq_ijyb

Skill      XL: |  1  2 |
---------------+-------+-----
Axes           | 2 |  2.9
Shields        | 3 |  3.5
Armour         | 3 |  3.5
Fighting       | |  3.8
Invocations    | |  0.2

Action                   |  1- 3 |  4- 6 || total
-------------------------+-------+-------++-------
Melee: War axe           |   102 |   161 ||   263
       Headbutt          |       |    44 ||    44
Throw: Boomerang         |     5 |     3 ||     8
       Dart              |       |     9 ||     9
  Use: Scroll            |       |     7 ||     7
Armor: Scale mail        |    63 |    29 ||    92
       Chain mail        |       |     8 ||     8
Dodge: Dodged            |    48 |    30 ||    78
Block: Buckler           |    29 |    13 ||    42

Table legend: (Time is in decaauts)
 A = Elapsed time spent in this place.
 B = Non-inter-level travel time spent in this place.
 C = Inter-level travel time spent in this place.
 D = Time resting spent in this place.
 E = Time spent auto-exploring this place.
 F = Levels seen in this place.
 G = Mean time per level.
                   A        B        C        D        E       F      G
               +--------+--------+--------+--------+--------+-----+--------+
         Total |   3545 |   3269 |    276 |    578 |   1973 |   4 |  886.2 |
       Dungeon |   3545 |   3269 |    276 |    578 |   1973 |   4 |  886.2 |
               +--------+--------+--------+--------+--------+-----+--------+

Top non-repeatable levels by time:
     D:3: 1233 daAuts
     D:2: 1222 daAuts
     D:1: 1034 daAuts
     D:4: 55 daAuts
